[Event "AZE-ch Women 2019"]
[Site "Baku"]
[Date "2019.02.09"]
[Round "6.8"]
[White "Heydarova, Aytaj"]
[Black "Jafarova, Aysel"]
[Result "1-0"]
[ECO "A08"]
[WhiteElo "1747"]
[BlackElo "1376"]
[Annotator "NA"]
[PlyCount "81"]
[EventDate "2019.02.04"]
[EventType "swiss"]
[EventCountry "AZE"]
[SourceTitle "playchess.com"]
[Source "ChessBase"]
[SourceQuality "1"]
[TimeControl "40/5400+30:1800+30"]

1. Nf3 d5 2. g3 c5 3. Bg2 Nc6 4. d3 Nf6 5. O-O Bg4 6. Nbd2 e6 7. c3 Be7 8. Qc2 O-O 9. e4 Rc8 10. Re1 b5 11. a4 Qb6 12. axb5 Qxb5 13. h3 Bxf3 14. Nxf3 a5 15. exd5 exd5 16. Nh4 Rfe8 17. Nf5 g6 18. Nxe7+ Nxe7 19. Bg5 Kg7 20. g4 h6 21. Bxf6+ Kxf6 22. c4 Qb4 23. cxd5 Kg7 24. Re4 Qb6 25. Rae1 Kf8 26. Qc3 Ng8 27. Rxe8+ Rxe8 28. Rxe8+ Kxe8 29. Qe5+ Kf8 30. d6 a4 31. Bd5 Qd8 32. Bc4 Nf6 33. Qxc5 Nd7 34. Qc7 Qe8 35. Bb5 Qe1+ 36. Kg2 Nf6 37. d7 Nxd7 38. Qxd7 Qa1 39. Bc4 Kg7 40. Qxf7+ Kh8 41. Qg8# 1-0

[Event "AZE-ch Women 2019"]
[Site "Baku"]
[Date "2019.02.09"]
[Round "6.9"]
[White "Hajiyeva, Altunay"]
[Black "Babayeva, Samira"]
[Result "0-1"]
[ECO "B00"]
[WhiteElo "1315"]
[BlackElo "1773"]
[Annotator "NA"]
[PlyCount "136"]
[EventDate "2019.02.04"]
[EventType "swiss"]
[EventCountry "AZE"]
[SourceTitle "playchess.com"]
[Source "ChessBase"]
[SourceQuality "1"]
[TimeControl "40/5400+30:1800+30"]

1. e4 d6 2. d4 c6 3. Nc3 Qc7 4. f4 e5 5. Nf3 Bg4 6. Be3 Nf6 7. h3 Bxf3 8. Qxf3 Nbd7 9. a3 Be7 10. Be2 h6 11. g4 exf4 12. Bxf4 Nh7 13. Bc4 Bh4+ 14. Bg3 Ng5 15. Qg2 Bxg3+ 16. Qxg3 Nf6 17. O-O-O O-O-O 18. Rde1 Rhe8 19. Bd3 Ne6 20. Qf2 b5 21. d5 Nc5 22. dxc6 a6 23. Bf1 Qxc6 24. Bg2 Re5 25. Re3 a5 26. Rhe1 b4 27. Nd5 Nxd5 28. exd5 Qc7 29. Qg3 f6 30. Kb1 Qb6 31. Rxe5 dxe5 32. Qe3 Kc7 33. Rd1 Kd6 34. c4 bxc3 35. Qxc3 Rc8 36. Qe3 Rb8 37. Rd2 Nb3 38. Qxb6+ Rxb6 39. Rc2 Nc5 40. Rc3 e4 41. Rc2 Kxd5 42. Rd2+ Ke5 43. Kc2 Nd3 44. Bxe4 Rxb2+ 45. Kxd3 Rxd2+ 46. Kxd2 Kxe4 47. Ke2 g6 48. Kf2 Kf4 49. a4 h5 50. gxh5 gxh5 51. Kg2 h4 52. Kf2 f5 53. Kg2 Ke3 54. Kf1 f4 55. Ke1 Kf3 56. Kf1 Kg3 57. Ke2 Kg2 58. Kd3 f3 59. Kc4 f2 60. Kb5 f1=Q+ 61. Kxa5 Kxh3 62. Kb6 Kg3 63. a5 h3 64. a6 h2 65. a7 h1=Q 66. Kc7 Qc4+ 67. Kb8 Qb1+ 68. Ka8 Qc8# 0-1

[Event "AZE-ch Women 2019"]
[Site "Baku"]
[Date "2019.02.10"]
[Round "7.2"]
[White "Mamedjarova, Zeinab"]
[Black "Balajayeva, Khanim"]
[Result "0-1"]
[ECO "D04"]
[WhiteElo "2307"]
[BlackElo "2397"]
[Annotator "NA"]
[PlyCount "124"]
[EventDate "2019.02.04"]
[EventType "swiss"]
[EventCountry "AZE"]
[SourceTitle "playchess.com"]
[Source "ChessBase"]
[SourceQuality "1"]
[TimeControl "40/5400+30:1800+30"]

1. d4 d5 2. Nf3 Nf6 3. e3 c5 4. Nbd2 Nc6 5. a3 cxd4 6. exd4 Bg4 7. h3 Bh5 8. Be2 e6 9. O-O Bd6 10. b3 O-O 11. Bb2 Rc8 12. Ne5 Bxe2 13. Qxe2 Qb6 14. Qd3 Rfd8 15. Rfe1 Ne7 16. Re2 Ng6 17. g3 Qc7 18. Rc1 Bxe5 19. dxe5 Nd7 20. Nf3 Nc5 21. Qe3 a6 22. Bd4 b5 23. Ree1 Ne7 24. g4 Nd7 25. Bb2 Nc6 26. Kg2 Qb6 27. Nd2 Qxe3 28. Rxe3 d4 29. Re4 Ndxe5 30. f4 Ng6 31. Kg3 d3 32. Nf3 Na5 33. b4 Nc4 34. Bd4 Nxa3 35. f5 Nf8 36. f6 gxf6 37. Bxf6 Rd5 38. c3 Nd7 39. Bd4 Nc2 40. Rd1 Nxd4 41. cxd4 Rc4 42. Rxd3 Rxb4 43. Ra3 Ra4 44. Rc3 Rc4 45. Rxc4 bxc4 46. Re2 Nb6 47. Ra2 a5 48. Ne5 Rxd4 49. Rb2 Nd7 50. Nc6 c3 51. Rc2 Rd3+ 52. Kh4 a4 53. Ra2 Nc5 54. Rc2 Ne4 55. Re2 Nd2 56. Nb4 Nf3+ 57. Kg3 Nd4+ 58. Nxd3 Nxe2+ 59. Kf3 a3 60. Nb4 Nc1 61. Nc2 a2 62. Na1 Nb3 0-1

[Event "AZE-ch Women 2019"]
[Site "Baku"]
[Date "2019.02.10"]
[Round "7.3"]
[White "Hojjatova, Aydan"]
[Black "Beydullayeva, Govhar"]
[Result "0-1"]
[ECO "B54"]
[WhiteElo "2303"]
[BlackElo "2239"]
[Annotator "NA"]
[PlyCount "126"]
[EventDate "2019.02.04"]
[EventType "swiss"]
[EventCountry "AZE"]
[SourceTitle "playchess.com"]
[Source "ChessBase"]
[SourceQuality "1"]
[TimeControl "40/5400+30:1800+30"]

1. e4 c5 2. Nf3 d6 3. d4 cxd4 4. Nxd4 Nf6 5. f3 e5 6. Nb3 d5 7. Bg5 d4 8. c3 Nc6 9. Bb5 Qb6 10. Qd3 Bd7 11. N1d2 dxc3 12. bxc3 a6 13. Bc4 Rd8 14. Be3 Qc7 15. a4 Na5 16. Nxa5 Qxa5 17. Qe2 b5 18. Rb1 bxc4 19. Bb6 Qxa4 20. Bxd8 Kxd8 21. Qxc4 Qxc4 22. Nxc4 Kc7 23. Nxe5 Be6 24. Ra1 Nd7 25. Nxd7 Bxd7 26. Rxa6 Bc5 27. Ra5 Kb6 28. Ra1 Bb5 29. Kd2 Rd8+ 30. Kc2 Bd3+ 31. Kb3 Rb8 32. Ra4 Kc6+ 33. Ka2 Kb5 34. Kb3 Kc6+ 35. Ka2 Bc2 36. Rd4 Bxd4 37. cxd4 Kd6 38. Rc1 Ba4 39. Rc5 Bd7 40. Rd5+ Ke7 41. Ra5 Rb4 42. Re5+ Kf6 43. Rd5 Be6 44. Ka3 Rb1 45. Rc5 Ra1+ 46. Kb4 Ra2 47. g4 Rxh2 48. g5+ Ke7 49. f4 Rh4 50. f5 Rxe4 51. fxe6 Rxd4+ 52. Kc3 Rd6 53. exf7 Kxf7 54. Rf5+ Kg6 55. Re5 Rd1 56. Re7 Rd5 57. Kc4 Rxg5 58. Kd4 Rf5 59. Ke4 Rf6 60. Ra7 h5 61. Rb7 Kh6 62. Ke5 Rf1 63. Rb8 Kg5 0-1

[Event "AZE-ch Women 2019"]
[Site "Baku"]
[Date "2019.02.10"]
[Round "7.4"]
[White "Mamedjarova, Turkan"]
[Black "Allahverdiyeva, Ayan"]
[Result "1-0"]
[ECO "D00"]
[WhiteElo "2267"]
[BlackElo "2051"]
[Annotator "NA"]
[PlyCount "85"]
[EventDate "2019.02.04"]
[EventType "swiss"]
[EventCountry "AZE"]
[SourceTitle "playchess.com"]
[Source "ChessBase"]
[SourceQuality "1"]
[TimeControl "40/5400+30:1800+30"]

1. d4 d5 2. Nc3 e6 3. Nf3 Nf6 4. Bg5 Be7 5. Bxf6 Bxf6 6. e3 O-O 7. Bd3 c5 8. O-O Nc6 9. Re1 b6 10. Bf1 Bb7 11. Qd2 Qe7 12. Rad1 cxd4 13. exd4 Qb4 14. a3 Qd6 15. Nb5 Qb8 16. Qe3 a6 17. Nc3 Qc7 18. Bd3 g6 19. h4 Ne7 20. g4 Nc6 21. h5 Nxd4 22. Nxd4 e5 23. Qg3 Qc8 24. Nb3 gxh5 25. Bf5 Qc4 26. Qh3 Kg7 27. Qxh5 h6 28. Bd3 Qc7 29. Bf5 Rad8 30. Ne2 Rfe8 31. Ng3 e4 32. Nd4 e3 33. Qh2 exf2+ 34. Qxf2 Rxe1+ 35. Rxe1 Be5 36. Nh5+ Kg8 37. c3 Bd6 38. Bd3 Bc8 39. Qf6 Bf8 40. Nf5 Bxf5 41. Qxf5 Bc5+ 42. Kg2 Kf8 43. Qh7 1-0

[Event "AZE-ch Women 2019"]
[Site "Baku"]
[Date "2019.02.10"]
[Round "7.5"]
[White "Abdulla, Khayala"]
[Black "Soyunlu, Narmin"]
[Result "1/2-1/2"]
[ECO "C44"]
[WhiteElo "2243"]
[BlackElo "2029"]
[Annotator "NA"]
[PlyCount "156"]
[EventDate "2019.02.04"]
[EventType "swiss"]
[EventCountry "AZE"]
[SourceTitle "playchess.com"]
[Source "ChessBase"]
[SourceQuality "1"]
[TimeControl "40/5400+30:1800+30"]

1. e4 e5 2. Nf3 Nc6 3. c3 Nf6 4. d4 exd4 5. e5 Nd5 6. cxd4 Bb4+ 7. Bd2 Bxd2+ 8. Nbxd2 d6 9. Bb5 Bd7 10. exd6 O-O 11. O-O cxd6 12. Bd3 Nf4 13. Bb1 Bg4 14. Qb3 Re8 15. Qxb7 Na5 16. Qb4 Rb8 17. Qa3 Qc7 18. Kh1 d5 19. h3 Bxf3 20. Nxf3 Nc4 21. Qc3 Rxb2 22. Bc2 Qa5 23. Qxa5 Nxa5 24. Bd1 g6 25. g3 Nd3 26. Kg1 Re4 27. a4 Nc4 28. a5 Re7 29. a6 Nd6 30. Ra3 Nb4 31. Ne5 Nb5 32. Ra5 Nxd4 33. Ng4 Kg7 34. Ne3 Rd7 35. Ba4 Rd6 36. Rd1 Ne2+ 37. Kf1 Nc3 38. Rd4 Nxa6 39. Nc4 Rb1+ 40. Kg2 Rf6 41. Ne3 Rb2 42. Ng4 Rd6 43. Bd1 Nxd1 44. Rxd1 d4 45. Ne5 Re2 46. Kf1 Rc2 47. Rda1 Re6 48. Nf3 Ree2 49. Nxd4 Rxf2+ 50. Ke1 Rb2 51. Rb5 Ra2 52. Rxa2 Rxa2 53. Nc6 Rc2 54. Nd4 Rc4 55. Ra5 Nc5 56. Nf3 Ne4 57. g4 Rc7 58. Ke2 Nc5 59. Nd4 a6 60. Kf3 Kf6 61. h4 Ke5 62. Nb3 Kd5 63. Nxc5 Rxc5 64. Rxa6 Rc3+ 65. Kf4 Rc4+ 66. Kf3 Ke5 67. Ra5+ Ke6 68. Ra6+ Ke7 69. Ra7+ Kf8 70. Ra5 Rd4 71. Rb5 Ke7 72. h5 Kf6 73. hxg6 hxg6 74. Ra5 Rd3+ 75. Kf2 Ke6 76. Kg2 Rd5 77. Ra3 f6 78. Kf3 Ke5 {Ke4+} 1/2-1/2

[Event "AZE-ch Women 2019"]
[Site "Baku"]
[Date "2019.02.10"]
[Round "7.6"]
[White "Gasimova, Samra"]
[Black "Hajiyeva, Laman"]
[Result "0-1"]
[ECO "D10"]
[WhiteElo "1693"]
[BlackElo "2040"]
[Annotator "NA"]
[PlyCount "98"]
[EventDate "2019.02.04"]
[EventType "swiss"]
[EventCountry "AZE"]
[SourceTitle "playchess.com"]
[Source "ChessBase"]
[SourceQuality "1"]
[TimeControl "40/5400+30:1800+30"]

1. d4 d5 2. c4 c6 3. Nc3 Nf6 4. e3 e6 5. Bd3 dxc4 6. Bxc4 Nbd7 7. Nge2 Bd6 8. h3 b5 9. Bd3 Bb7 10. O-O O-O 11. e4 e5 12. Be3 Re8 13. Qc2 Rc8 14. a3 a6 15. Qd2 exd4 16. Nxd4 c5 17. Nf5 Bf8 18. f3 Ne5 19. Rfd1 Qc7 20. Qf2 Ng6 21. Rd2 Rcd8 22. Rad1 Bc8 23. Bg5 c4 24. Bc2 Bxf5 25. exf5 Bc5 26. Rd4 Rxd4 27. Rxd4 Qb6 28. Ne2 Rxe2 29. Qxe2 Bxd4+ 30. Kh1 Nf8 31. b3 Qc5 32. Qd2 h6 33. Bh4 Be3 34. Qc3 Qd4 35. Qxd4 Bxd4 36. bxc4 bxc4 37. Be1 N8d7 38. g4 Ne5 39. Kg2 Nd5 40. Kg3 Nd3 41. Ba5 Ne3 42. Bb1 Be5+ 43. f4 Nxf4 44. Kf3 Ned5 45. Ke4 Bd6 46. Kd4 Nc7 47. Kxc4 Nb5 48. Kb3 Nxa3 49. Be4 Nb5 0-1

[Event "AZE-ch Women 2019"]
[Site "Baku"]
[Date "2019.02.10"]
[Round "7.7"]
[White "Jafarova, Aysel"]
[Black "Ismayil, Malak"]
[Result "0-1"]
[ECO "A14"]
[WhiteElo "1376"]
[BlackElo "1905"]
[Annotator "NA"]
[PlyCount "142"]
[EventDate "2019.02.04"]
[EventType "swiss"]
[EventCountry "AZE"]
[SourceTitle "playchess.com"]
[Source "ChessBase"]
[SourceQuality "1"]
[TimeControl "40/5400+30:1800+30"]

1. Nf3 Nf6 2. g3 e6 3. c4 d5 4. Bg2 Be7 5. O-O O-O 6. d4 c5 7. dxc5 Bxc5 8. cxd5 Nxd5 9. Nbd2 Nc6 10. Qc2 Be7 11. a3 Bd7 12. Ne4 h6 13. Bd2 Rc8 14. Qd3 Nf6 15. Bc3 Nxe4 16. Qxe4 Bf6 17. Bxf6 Qxf6 18. Rfd1 Rfd8 19. Rd2 Be8 20. Rad1 Rxd2 21. Rxd2 Rd8 22. Rxd8 Qxd8 23. Qd3 Qf6 24. Qb5 Qe7 25. Qd3 Qc5 26. Qc3 Qd6 27. Qd3 Qc7 28. Qc3 e5 29. Nd2 Qd6 30. Qd3 Qc5 31. Qc4 Qd6 32. Qd3 Nd4 33. Ne4 Qb6 34. e3 Bb5 35. Qd2 Ne6 36. Qd6 Qd8 37. Qxd8+ Nxd8 38. Nd6 Bc6 39. Bxc6 bxc6 40. Kf1 Kf8 41. Ke2 Ke7 42. Nc4 e4 43. Kd2 Ke6 44. Kc3 Kd5 45. Nd2 c5 46. Kb3 Nc6 47. Nc4 f5 48. Kc3 Nd8 49. Nd2 Nf7 50. f3 exf3 51. Nxf3 Ke4 52. Nh4 Nd6 53. Ng2 g5 54. b4 cxb4+ 55. Kxb4 Kf3 56. Ne1+ Kxe3 57. Kc5 Ne4+ 58. Kd5 Nxg3 59. hxg3 Kf2 60. Nd3+ Kxg3 61. Kd4 f4 62. Ke4 f3 63. Ke3 h5 64. Nf2 g4 65. Ne4+ Kg2 66. Nf6 f2 67. Nxh5 f1=Q 68. Nf4+ Kh2 69. Nd5 g3 70. Nf4 g2 71. Nxg2 Kxg2 0-1

[Event "AZE-ch Women 2019"]
[Site "Baku"]
[Date "2019.02.10"]
[Round "7.8"]
[White "Hajiyeva, Altunay"]
[Black "Heydarova, Aytaj"]
[Result "1-0"]
[ECO "A10"]
[WhiteElo "1315"]
[BlackElo "1747"]
[Annotator "NA"]
[PlyCount "87"]
[EventDate "2019.02.04"]
[EventType "swiss"]
[EventCountry "AZE"]
[SourceTitle "playchess.com"]
[Source "ChessBase"]
[SourceQuality "1"]
[TimeControl "40/5400+30:1800+30"]

1. c4 g6 2. Nc3 Bg7 3. d3 Nf6 4. e4 d6 5. f4 O-O 6. Be2 e5 7. Bf3 Nbd7 8. Nge2 Re8 9. g3 c6 10. Be3 a5 11. Qc2 Rb8 12. Ba7 Ra8 13. Be3 Nf8 14. h3 Bd7 15. g4 exf4 16. Bxf4 Ne6 17. Bg3 Ng5 18. Bg2 h5 19. Bf4 Ne6 20. Bxd6 hxg4 21. e5 gxh3 22. Bxh3 Nh5 23. O-O-O Bxe5 24. Bxe5 Qg5+ 25. Qd2 Qxe5 26. d4 Qc7 27. Bg4 Neg7 28. Bxd7 Qxd7 29. Nf4 Nxf4 30. Qxf4 Qf5 31. Qh6 Nh5 32. Rdf1 Qd3 33. Rfg1 Qxd4 34. Qxh5 Re1+ 35. Nd1 Rxg1 36. Qh7+ Kf8 37. Rxg1 Rd8 38. Qh2 Qxc4+ 39. Nc3 Qe6 40. Qh6+ Ke8 41. Qh8+ Ke7 42. Qh4+ g5 43. Qxg5+ Ke8 44. Rh1 1-0

[Event "AZE-ch Women 2019"]
[Site "Baku"]
[Date "2019.02.10"]
[Round "7.9"]
[White "Babayeva, Samira"]
[Black "Babazade, Zhala"]
[Result "1/2-1/2"]
[ECO "B06"]
[WhiteElo "1773"]
[BlackElo "1823"]
[Annotator "NA"]
[PlyCount "25"]
[EventDate "2019.02.04"]
[EventType "swiss"]
[EventCountry "AZE"]
[SourceTitle "playchess.com"]
[Source "ChessBase"]
[SourceQuality "1"]
[TimeControl "40/5400+30:1800+30"]

1. e4 g6 2. d4 Bg7 3. Nf3 d6 4. Bc4 h6 5. c3 c6 6. Be3 Nd7 7. a4 Nb8 8. Nbd2 Nd7 9. Nb1 Nb8 10. Nbd2 Nd7 11. Nb1 Nb8 12. Nbd2 Nd7 13. Ng1 1/2-1/2

[Event "AZE-ch Women 2019"]
[Site "Baku"]
[Date "2019.02.11"]
[Round "8.8"]
[White "Heydarova, Aytaj"]
[Black "Babayeva, Samira"]
[Result "1-0"]
[ECO "A04"]
[WhiteElo "1747"]
[BlackElo "1773"]
[Annotator "NA RC"]
[PlyCount "59"]
[EventDate "2019.02.04"]
[EventType "swiss"]
[EventCountry "AZE"]
[SourceTitle "playchess.com"]
[Source "ChessBase"]
[SourceQuality "1"]
[TimeControl "40/5400+30:1800+30"]

1. Nf3 f5 2. g3 d6 3. d4 c6 4. Bg2 Qc7 5. O-O e5 6. c4 Be7 7. b3 Bf6 8. Bb2 e4 9. Ne1 d5 10. cxd5 cxd5 11. Nc3 Ne7 12. Rc1 Nbc6 13. Nb5 Qd7 14. Ba3 O-O 15. Nc2 g5 16. Qd2 Rf7 17. f4 gxf4 18. Qxf4 Rg7 19. e3 a6 20. Nd6 Bg5 21. Qf2 b5 22. Bh3 b4 23. Nxc8 Rxc8 24. Nxb4 Nxd4 25. Rxc8+ Qxc8 26. exd4 Qc3 27. Nc2 Nc6 28. Qxf5 h5 29. Qf8+ Kh7 30. Bf5+ 1-0

[Event "AZE-ch Women 2019"]
[Site "Baku"]
[Date "2019.02.11"]
[Round "8.9"]
[White "Gasimova, Samra"]
[Black "Hajiyeva, Altunay"]
[Result "1-0"]
[ECO "A40"]
[WhiteElo "1693"]
[BlackElo "1315"]
[Annotator "NA"]
[PlyCount "215"]
[EventDate "2019.02.04"]
[EventType "swiss"]
[EventCountry "AZE"]
[SourceTitle "playchess.com"]
[Source "ChessBase"]
[SourceQuality "1"]
[TimeControl "40/5400+30:1800+30"]

1. d4 c6 2. c4 Nf6 3. Nc3 d5 4. e3 Bf5 5. Qb3 Qd7 6. cxd5 cxd5 7. Nf3 e6 8. Bb5 Nc6 9. Ne5 Qc7 10. Qa4 Rc8 11. Qxa7 Bd6 12. Bxc6+ bxc6 13. Qxc7 Rxc7 14. f4 Ne4 15. Bd2 Nxd2 16. Kxd2 f6 17. Nf3 Rb7 18. b3 O-O 19. Nh4 Be4 20. Nxe4 dxe4 21. g3 Bb4+ 22. Ke2 Ba3 23. Ng2 Ra8 24. Rhb1 c5 25. dxc5 Bxc5 26. Rc1 Bb4 27. Rc4 f5 28. Rc2 Ra3 29. Rc4 Be7 30. Ne1 Rbxb3 31. axb3 Rxa1 32. Nc2 Rh1 33. h4 Rh2+ 34. Kf1 Rh1+ 35. Kg2 Rb1 36. Nd4 Kf7 37. Rc7 Kf6 38. Rc6 Kf7 39. Rxe6 g6 40. Rb6 Rb2+ 41. Kf1 Bc5 42. Rb7+ Ke8 43. Rxh7 Bxd4 44. exd4 Rxb3 45. Kf2 Rb2+ 46. Kf1 Rb3 47. Kg2 Rb2+ 48. Kf1 Rb3 49. Kg2 Rb2+ 50. Kh3 Rd2 51. Rg7 e3 52. Rxg6 Kd7 53. d5 Rxd5 54. Kg2 Rd3 55. Kf3 Ke7 56. g4 fxg4+ 57. Rxg4 Kf6 58. h5 Kf5 59. Rg5+ Kf6 60. Re5 e2+ 61. Kxe2 Rh3 62. Rg5 Kf7 63. Kf2 Kf6 64. Kg2 Rh4 65. Kf3 Rh1 66. Rg6+ Kf5 67. Rg5+ Kf6 68. Kf2 Rh4 69. Kg3 Rh1 70. Ra5 Rg1+ 71. Kf3 Rf1+ 72. Ke3 Re1+ 73. Kf2 Rh1 74. Kg2 Rh4 75. Kg3 Rh1 76. Kg2 Rh4 77. Kf3 Rh1 78. h6 Rxh6 79. Ke4 Rh1 80. Ra6+ Ke7 81. Ke5 Re1+ 82. Kf5 Rd1 83. Ra7+ Kd8 84. Ke6 Re1+ 85. Kf6 Rc1 86. f5 Rc6+ 87. Kg7 Rc5 88. f6 Rg5+ 89. Kf8 Rf5 90. f7 Rg5 91. Ra1 Rg2 92. Rd1+ Kc7 93. Rh1 Kd7 94. Rh7 Kd8 95. Rg7 Rf2 96. Kg8 Rxf7 97. Rxf7 Ke8 98. Kg7 Kd8 99. Kf6 Ke8 100. Ke6 Kd8 101. Re7 Kc8 102. Rd7 Kb8 103. Kd6 Kc8 104. Kc6 Kb8 105. Rc7 Ka8 106. Kb6 Kb8 107. Rc1 Ka8 108. Rc8# 1-0